 Dungeon Crawl Stone Soup version 0.32-a0-918-g0f22ef8d61 (webtiles) character file.

Game seed: 14982464912308193

286065 smashvw the Hoplite (level 19, 0/187 HPs)
             Began as a Minotaur Fighter on Apr 10, 2024.
             Was the Champion of Yredelemnul.
             Slain by a yaktaur (1 damage)
             ... while paralysed by a fenstrider witch
             ... in a wizard's laboratory.
             The game lasted 01:49:05 (35728 turns).

smashvw the Hoplite (Minotaur Fighter)             Turns: 35728, Time: 01:49:06

Health: 0/187      AC: 41    Str: 45    XL:     19   Next: 82%
Magic:  27/27      EV:  2    Int:  9    God:    Yredelemnul [******]
Gold:   1812       SH:  0    Dex: 12    Spells: 18/18 levels left

rFire   . . .        C - +6 demon trident (protect)
rCold   + . .        R - +2 tower shield {AC+3}
rNeg    . . .        L - +6 plate armour of the Untouchables {Harm Str+6}
rPois   +            (helmet restricted)
rElec   .            Z - +0 cloak
rCorr   .            q - +1 pair of gloves {Str+3}
SInv    .            g - +0 pair of boots
Will    .....        G - amulet "Roxupoh" {Faith Regen+ Dex+2 Stlth+} Stlth
                     V - +5 ring of evasion
HPRegen 1.31/turn    X - ring of Cuewk {rPois rC+ Str+6 Int+3}
MPRegen 0.20/turn

%: harm (+30% outgoing, +20% incoming), faith
@: paralysed, lethally poisoned (0 -> -2), weak-willed, grasped by roots, under
a protective aura, wreathed by umbra, constricted
A: horns 2, retaliatory headbutt, strong 1
}: 2/15 runes: serpentine, barnacled
a: Renounce Religion, Light the Black Torch, Recall Undead Harvest, Hurl
Torchlight, Bind Soul, Fathomless Shackles


You were in a wizard's laboratory.
You worshipped Yredelemnul.
Yredelemnul was pleased with you.
You visited 6 branches of the dungeon, and saw 32 of its levels.
You visited 2 bazaars.
You also visited: Sewer, Ossuary, Ice Cave, Volcano and Wizlab.

You collected 4003 gold pieces.
You spent 2191 gold pieces at shops.

Inventory:

Hand Weapons
 C - a +6 demon trident of protection (weapon)
Armour
 g - a +0 pair of boots (worn)
 q - a +1 pair of gloves of strength (worn)
 L - the +6 plate armour of the Untouchables (worn) {Harm Str+6}
   (You found it on level 6 of the Dungeon)

   Str+6:     It affects your strength (+6).
   Harm:      It increases damage dealt and taken.
 R - a +2 tower shield of protection (worn)
 Z - a +0 cloak (worn)
Jewellery
 f - a ring of protection from fire
 G - the amulet "Roxupoh" (around neck) {Faith Regen+ Dex+2 Stlth+}
   (You bought it in a shop on level 3 of the Shoals)

   [amulet of faith]

   Faith:     It allows you to gain divine favour quickly.
   Dex+2:     It affects your dexterity (+2).
   Regen+:    It increases your rate of health regeneration.
   Stlth+:    It makes you more stealthy.
 V - a +5 ring of evasion (left hand)
 X - the ring of Cuewk (right hand) {rPois rC+ Str+6 Int+3}
   (You bought it in a shop on level 1 of the Snake Pit)

   [ring of strength]

   Str+6:     It affects your strength (+6).
   Int+3:     It affects your intelligence (+3).
   rC+:       It protects you from cold.
   rPois:     It protects you from poison.
 Y - a ring of see invisible
Wands
 a - a wand of mindburst (19)
 h - a wand of flame (47) (quivered)
 x - a wand of quicksilver (18)
 y - a wand of digging (21)
 B - a wand of paralysis (18)
 N - a wand of warping (39)
 O - a wand of polymorph (29)
Scrolls
 c - a scroll of vulnerability
 j - a scroll of blinking
 o - a scroll of butterflies
 r - 8 scrolls of fear
 t - 8 scrolls of poison
 u - 12 scrolls of teleportation
 A - 7 scrolls of enchant armour
 E - 5 scrolls of revelation
 F - 8 scrolls of amnesia
 H - 3 scrolls of fog
 K - a scroll of immolation
 T - 2 scrolls of torment
 W - 6 scrolls of identify
Potions
 b - 7 potions of mutation
 d - 7 potions of might
 e - 6 potions of heal wounds
 i - 14 potions of curing
 l - 5 potions of invisibility
 m - 3 potions of degeneration
 n - 2 potions of resistance
 p - 9 potions of lignification
 s - 7 potions of brilliance
 v - a potion of berserk rage
 z - 7 potions of haste
 D - 2 potions of cancellation
 I - 6 potions of attraction
 J - a potion of ambrosia
 S - 4 potions of enlightenment
Miscellaneous
 k - a lightning rod (4/4)
 P - a phial of floods
 Q - a phantom mirror
 U - a condenser vane


   Skills:
 - Level 20.7 Fighting
 - Level 14.0 Polearms
 + Level 19.3 Armour
 + Level 22.4 Shields
 - Level 13.0 Invocations
 + Level 12.4 Evocations


You had 18 spell levels left.
You didn't know any spells.
Your spell library contained the following spells:

 Spells                   Type           Power      Damage    Failure   Level
 Kiss of Death            Conj/Necr      0%         2d5       78%         1
 Necrotise                Necr           0%         1d4       78%         1
 Sandblast                Erth           0%         2d4       78%         1
 Blink                    Tloc           0%         N/A       89%         2
 Lesser Beckoning         Tloc           0%         N/A       89%         2
 Momentum Strike          Conj/Tloc      0%         3d8       89%         2
 Scorch                   Fire           0%         2d5       89%         2
 Call Canine Familiar     Summ           0%         N/A       98%         3
 Confusing Touch          Hex            0%         N/A       98%         3
 Frozen Ramparts          Ice            0%         1d1       98%         3
 Fugue of the Fallen      Necr           0%         N/A       98%         3
 Hailstorm                Conj/Ice       0%         3d5       98%         3
 Maxwell's Portable Pile  Tloc           0%         2d(5-13)  98%         3
 Ozocubu's Armour         Ice            0%         N/A       98%         3
 Sigil of Binding         Hex            0%         N/A       98%         3
 Stone Arrow              Conj/Erth      0%         3d7       98%         3
 Summon Ice Beast         Ice/Summ       0%         N/A       98%         3
 Teleport Other           Tloc           0%         N/A       98%         3
 Vampiric Draining        Necr           0%         2d6       98%         3
 Anguish                  Hex/Necr       0%         N/A       100%        4
 Animate Armour           Summ/Erth      0%         N/A       100%        4
 Brom's Barrelling Bould  Conj/Erth      0%         2d3       100%        4
 Dimensional Bullseye     Hex/Tloc       0%         N/A       100%        4
 Dispel Undead            Necr           0%         3d6       100%        4
 Flame Wave               Conj/Fire      0%         2d4       100%        4
 Leda's Liquefaction      Alch/Erth      0%         N/A       100%        4
 Martyr's Knell           Necr/Summ      0%         N/A       100%        4
 Petrify                  Alch/Erth      0%         N/A       100%        4
 Summon Blazeheart Golem  Fire/Summ      0%         N/A       100%        4
 Alistair's Intoxication  Alch           0%         N/A       100%        5
 Arcjolt                  Conj/Air       0%         1d10      100%        5
 Borgnjor's Vile Clutch   Necr/Erth      0%         N/A       100%        5
 Curse of Agony           Necr           0%         N/A       100%        5
 Metabolic Englaciation   Hex/Ice        0%         N/A       100%        5
 Conjure Ball Lightning   Conj/Air       0%         3x3d6     100%        6
 Eringya's Noxious Bog    Alch           0%         4d6       100%        6
 Gell's Gavotte           Tloc           0%         2d(11-16) 100%        6
 Permafrost Eruption      Ice/Erth       0%         2x4d1     100%        6
 Sculpt Simulacrum        Ice/Alch       0%         N/A       100%        6
 Summon Cactus Giant      Summ           0%         N/A       100%        6
 Haunt                    Necr/Summ      0%         N/A       100%        7
 Malign Gateway           Summ/Tloc      0%         N/A       100%        7
 Manifold Assault         Tloc           0%         N/A       100%        7
 Orb of Destruction       Conj           0%         9d5       100%        7
 Spellforged Servitor     Conj/Summ      0%         N/A       100%        7
 Borgnjor's Revivificati  Necr           0%         N/A       100%        8
 Discord                  Hex            0%         N/A       100%        8
 Disjunction              Tloc           0%         N/A       100%        8
 Infestation              Necr           0%         N/A       100%        8
 Lehudib's Crystal Spear  Conj/Erth      0%         10d2      100%        8
 Maxwell's Capacitive Co  Air            0%         ∞         100%        8
 Summon Horrible Things   Summ           0%         N/A       100%        8
 Death's Door             Necr           0%         N/A       100%        9
 Animate Dead             Necr           Unusable   N/A       N/A         4

Dungeon Overview and Level Annotations

Branches:
Dungeon (15/15)            Temple (0/1) D:5            Lair (5/5) D:8
 Shoals (4/4) Lair:3        Snake (4/4) Lair:3        Slime (0/5) Lair:5
    Orc (2/2) D:9             Elf (0/3) Orc:2        Vaults (2/5) D:13
 Depths (0/4) D:15          Sewer (visited)         Ossuary (visited)
  IceCv (visited)         Volcano (visited)          WizLab (1/1)
  Crypt: Vaults:2-3

Altars:
Ashenzari
Dithmenos
Elyvilon
Fedhas
Gozag
Makhleb
Ru
Sif Muna
Uskayaw
Yredelemnul
Zin
Beogh
Lugonu

Shops:
D:8 !   D:12 (   Orc:1 :   Orc:2 !(!=[   Shoals:3 *=!   Snake:1 !:=:

Portals:
Abyss: Lair:5 Shoals:1
Pandemonium: Orc:2

Annotations:
D:5 2 transporters
D:15 2 transporters, Peirosha's ghost, journeyman DsMo
Shoals:1 1 runed translucent door
Shoals:2 3 runed translucent doors, Ziod Jao's ghost, journeyman MeWn


Innate Abilities, Weirdness & Mutations

You have a pair of horns on your head.
You reflexively headbutt those who attack you in melee.
Your muscles are strong. (Str +4, Int/Dex -1)


Message History

Your body is wracked with pain!
* * * LOW HITPOINT WARNING * * *
The yaktaur hits you but does no damage.
Your centaur warrior zombie completely misses the centaur warrior.
Your centaur warrior zombie barely misses the centaur warrior.
Your eleionoma zombie hits the eleionoma!
Your naga sharpshooter zombie hits the eleionoma!
Your naga sharpshooter zombie constricts the eleionoma!
The centaur warrior hits you but does no damage.
The centaur warrior kicks you but does no damage.
A deep elf master archer comes into view.
The shambling mangrove hits your eleionoma zombie!!
Your eleionoma zombie is destroyed!
The grasping roots constrict you. The eleionoma hits you.
* * * LOW HITPOINT WARNING * * *
You feel very sick.
The fenstrider witch casts a spell at you.
Your body is wracked with pain!
* * * LOW HITPOINT WARNING * * *
Your centaur warrior zombie hits the centaur warrior.
Your centaur warrior zombie kicks the centaur warrior but does no damage.
The centaur warrior hits you but does no damage.
The centaur warrior kicks you but does no damage.
The yaktaur hits you but does no damage.
A thorn hunter comes into view.
The eleionoma hits you but does no damage.
The fenstrider witch gestures at you while chanting.
You barely resist.
Your naga sharpshooter zombie hits the eleionoma!
Your naga sharpshooter zombie constricts the eleionoma.
You feel very sick.
The centaur warrior hits you but does no damage.
The centaur warrior kicks you but does no damage.
Your centaur warrior zombie hits the centaur warrior but does no damage.
Your centaur warrior zombie misses the centaur warrior.
The grasping roots constrict you.
* * * LOW HITPOINT WARNING * * *
The yaktaur hits you.
You die...
Your body rises from the dead as a mindless zombie.

♣ :♣♣ ♣. ....♣♣ ♣..
.N...♣ ♣.♣.. ....
....f)♣♣♣♣♣##∩##♣ ♣♣♣
......ecc♣#c....#♣...
..♣....ccH@ccP.....P.
.....♣..c♣ZRf⌠...♣
♣... ♣♣♣♣♣♣.Z...♣♣
♣♣♣ ♣♣♣♣♣♣⌠.⌠♣♣♣♣♣♣♣
................
................
♣♣♣♣♣♣.♣♣♣♣♣♣♣♣
♣♣♣.......♣♣♣
♣♣♣...ß...ß...♣


You could see a thorn hunter, a shambling mangrove, an eleionoma (ally target),
a deep elf master archer, a fenstrider witch, 4 centaur warriors, 2 fauns, 2
yaktaurs, a friendly centaur warrior zombie and a friendly naga sharpshooter
zombie.

Vanquished Creatures
  A kraken (Shoals:4)
  Agnes (D:15)
  A tengu reaver (Vaults:2)
  6 nagarajas (Snake:4)
  A frost giant (Shoals:4)
  3 vault wardens
  5 ironbound preservers
  5 ironbound thunderhulks (Vaults:1)
  An eleionoma (WizLab)
  5 dire elephants
  Azrael (D:15)
  2 merfolk impalers (Shoals:4)
  A crystal guardian (Vaults:1)
  4 yaktaur captains
  A merfolk javelineer (Shoals:4)
  A deep elf high priest (Vaults:2)
  3 great orbs of eyes
  An entropy weaver (Vaults:2)
  Erica (D:9)
  4 vault guards (Vaults:1)
  6 hydras
  4 anacondas
  3 centaur warriors
  2 merfolk avatars
  An ogre mage (D:15)
  4 merfolk aquamancers
  5 ironbound frosthearts
  3 peacekeepers
  3 satyrs
  8 two-headed ogres
  2 demonspawn (Orc:2)
  2 alligator snapping turtles (Shoals:4)
  5 boulder beetles
  A death yak (D:8)
  2 tengu warriors
  An occultist (D:15)
  A thrashing horror (Lair:5)
  7 naga warriors
  3 orc high priests (Orc:2)
  7 naga sharpshooters
  5 shock serpents
  A sun demon (Volcano)
  A hell knight (Volcano)
  A salamander mystic (Snake:4)
  5 skysharks
  6 sea snakes
  6 naga ritualists
  2 large abominations (Lair:5)
  7 deep trolls
  An orange crystal statue (Shoals:4)
  4 mana vipers
  17 harpies
  5 ironbound convokers
  2 necromancers (D:15)
  4 lindwurms
  11 fauns
  4 orc knights
  2 deep elf pyromancers
  25 ugly things
  8 orc sorcerers (Orc:2)
  A wolf spider (D:13)
  7 cyclopes
  An oklob plant (WizLab)
  7 salamanders
  10 manticores
  A rust devil (Orc:2)
  3 meliai (D:13)
  2 guardian serpents (Snake:4)
  2 kobold blastminers
  7 elephants
  2 ice statues (IceCv)
  8 naga magi
  6 vault sentinels
  2 molten gargoyles (Volcano)
  23 black mambas
  3 smoke demons (Lair:5)
  A gargoyle (D:13)
  A torpor snail (Lair:3)
  3 merfolk sirens
  A rime drake (Lair:5)
  3 water nymphs
  8 cane toads
  2 freezing wraiths
  6 komodo dragons
  An anaconda simulacrum (IceCv)
  A tengu conjurer (D:14)
  An efreet (D:13)
  24 yaktaurs
  A hellwing (Orc:2)
  5 polar bears (Lair:1)
  A wolf spider simulacrum (D:12)
  7 trolls
  A raiju (Lair:5)
  2 wind drakes
  21 merfolk
  Prince Ribbit (D:5)
  5 snapping turtles
  11 blink frogs
  A dream sheep (Lair:3)
  25 slime creatures
  3 centaur simulacra
  A ynoxinul (Lair:5)
  A shadow (D:10)
  6 wyverns
  A spriggan (shapeshifter) (D:13)
  A spriggan (Lair:5)
  5 basilisks
  A wraith (D:13)
  35 yaks
  2 fire bats (Volcano)
  A dire elephant simulacrum (IceCv)
  4 fire elementals
  7 humans (D:13)
  3 wargs
  6 water elementals
  3 steam dragons
  5 vampire mosquitoes
  2 neqoxecs (Orc:2)
  A harpy simulacrum (IceCv)
  A chaos spawn (Lair:5)
  Edmund (D:5)
  11 small abominations (Lair:5)
  10 nagas
  9 water moccasins
  4 hell hounds
  4 black bears
  2 laughing skulls (D:15)
  19 orc warriors
  2 ice beasts (D:12)
  4 boggarts (Vaults:2)
  3 ogres
  12 wolves
  4 centaurs
  A kobold brigand (D:8)
  A phantom (D:6)
  A yaktaur zombie (Vaults:1)
  A gnoll sergeant (D:8)
  An elf zombie (Ossuary)
  2 scorpions (D:7)
  13 bullfrogs
  3 cane toad simulacra
  2 two-headed ogre simulacra (D:12)
  6 wights
  3 howler monkeys
  2 electric eels
  8 lava snakes (Volcano)
  A centaur zombie (D:3)
  A hound (D:6)
  24 orc priests
  8 jellies
  2 gnoll boudas
  Ijyb (D:4)
  A sleepcap (D:6)
  6 iguanas
  10 orc wizards
  A scorpion zombie (D:3)
  3 troll simulacra (D:12)
  2 polar bear simulacra
  2 mummies (Ossuary)
  4 hound zombies
  25 gnolls
  2 howler monkey skeletons (D:5)
  3 adders
  A naga simulacrum (D:12)
  4 white imps
  An adder skeleton (D:5)
  8 adder zombies
  A dart slug (D:1)
  A ribbon worm (Sewer)
  58 orcs
  11 endoplasms
  8 giant cockroaches
  2 gnoll zombies (Ossuary)
  5 goblins
  7 hobgoblins
  6 jackals
  7 quokkas
  8 ball pythons
  2 bats (D:1)
  6 frilled lizards
  5 jackal zombies (Ossuary)
  22 kobolds
  4 kobold zombies (Ossuary)
  8 rats
  A tentacle (Shoals:4)
943 creatures vanquished.

Vanquished Creatures (collateral kills)
  A shadow dragon (Vaults:2)
  2 vault wardens
  An ironbound preserver (Vaults:1)
  An ironbound thunderhulk (Vaults:1)
  3 dire elephants (Vaults:2)
  7 merfolk impalers
  An ettin (D:15)
  2 yaktaur captains
  An entropy weaver (shapeshifter) (Vaults:1)
  Erolcha (D:10)
  4 hydras
  4 merfolk aquamancers
  An ogre mage (D:13)
  7 merfolk avatars
  5 centaur warriors
  5 anacondas
  A two-headed ogre (D:12)
  6 naga sharpshooters
  A satyr (Shoals:4)
  A tengu warrior (D:13)
  A thrashing horror (Lair:5)
  5 shock serpents
  6 naga warriors
  3 skysharks
  A skeletal warrior (D:13)
  4 salamander mystics
  10 sea snakes
  2 deep trolls (Vaults:1)
  5 mana vipers
  2 lindwurms
  An ironbound convoker (Vaults:1)
  9 harpies
  5 ugly things
  4 fauns
  An obsidian bat (Orc:2)
  3 cyclopes
  6 manticores
  2 orc sorcerers
  A guardian serpent (Snake:2)
  7 merfolk sirens
  7 elephants
  A kobold blastminer (Orc:1)
  3 salamanders
  18 black mambas
  A water nymph (Shoals:3)
  An ice statue (IceCv)
  An apocalypse crab (Shoals:1)
  A vault sentinel (Vaults:2)
  7 naga magi
  3 cane toads
  4 komodo dragons
  A rime drake (shapeshifter) (D:13)
  A rime drake (Lair:5)
  8 yaktaurs (Vaults:2)
  A hydra zombie (D:13)
  2 trolls
  18 merfolk
  A hornet (D:8)
  A polar bear (D:12)
  A raiju (Lair:5)
  11 blink frogs
  2 snapping turtles
  3 slime creatures
  A wraith (D:12)
  A spriggan (Lair:5)
  2 water elementals
  9 humans (D:13)
  2 ynoxinuls (Lair:5)
  A wyvern (Lair:5)
  14 yaks
  6 basilisks
  A steam dragon (D:9)
  A small abomination (Lair:5)
  A vampire mosquito (D:13)
  2 chaos spawn (Lair:5)
  16 nagas
  Duvessa (D:4)
  4 water moccasins
  A sky beast (D:6)
  7 orc warriors
  3 ogres
  A centaur (D:13)
  8 wolves
  A phantom (D:4)
  2 elf zombies (Ossuary)
  3 bullfrogs
  3 kobold brigands
  2 scorpions
  2 gnoll sergeants
  A wight (D:6)
  Dowan (D:4)
  4 killer bees (D:10)
  A howler monkey (D:12)
  2 centaur zombies (Ossuary)
  2 hounds
  A human zombie (Ossuary)
  6 orc priests
  2 jellies
  6 orc wizards
  A wolf simulacrum (IceCv)
  3 hound zombies (Ossuary)
  An adder (D:6)
  11 gnolls
  A howler monkey skeleton (D:5)
  2 white imps
  An adder zombie (Ossuary)
  An adder skeleton (D:5)
  A ribbon worm (D:2)
  35 orcs
  A ball python (D:2)
  A bat (D:2)
  3 endoplasms (Sewer)
  2 gnoll zombies (Ossuary)
  3 goblins
  A jackal (D:3)
  2 frilled lizards
  3 jackal zombies (Ossuary)
  3 kobolds
  A kobold zombie (Ossuary)
  An orc zombie (Ossuary)
  A rat (D:3)
  2 tentacles (Shoals:4)
432 creatures vanquished.

Vanquished Creatures (others)
  A spectral guardian serpent (Snake:4)
  A spectral human (D:13)
  A naga warrior (Snake:4)
  A naga sharpshooter (Snake:4)
  4 anaconda zombies
  2 spectral hydras (Lair:3)
  5 spectral merfolk (Shoals:4)
  A frost giant zombie (Shoals:4)
  3 ugly thing zombies
  A wolf spider zombie (D:13)
  An ugly thing (D:14)
  An eleionoma zombie (WizLab)
  5 dire elephant zombies (Vaults:2)
  A spectral orc (D:13)
  A mana viper zombie (Snake:4)
  3 sea snake zombies
  A great orb of eyes zombie (D:13)
  11 harpy zombies
  2 guardian serpent zombies (Snake:4)
  A meliai zombie (D:13)
  15 black mamba zombies
  A satyr zombie (Shoals:4)
  A boulder beetle zombie (Vaults:1)
  5 slime creature zombies
  A spectral rust devil (Orc:2)
  6 deep troll zombies
  A tengu zombie (D:13)
  11 merfolk zombies
  2 skyshark zombies (Lair:5)
  2 fire bat zombies (Volcano)
  2 faun zombies
  A water nymph zombie (Shoals:1)
  A spectral hellwing (Orc:2)
  An entropy weaver zombie (Vaults:2)
  A spectral efreet (D:13)
  A cane toad zombie (Lair:2)
  2 snapping turtle zombies (Shoals:4)
  A lindwurm zombie (Vaults:1)
  An orc warrior (Orc:2)
  A manticore zombie (Shoals:4)
  An octopode zombie (D:9)
  3 elephant zombies (Lair:3)
  7 blink frog zombies
  3 komodo dragon zombies
  A spectral neqoxec (Orc:2)
  17 yaktaur zombies
  6 salamander zombies (Snake:4)
  A spectral chaos spawn (Lair:5)
  A warg zombie (Orc:2)
  3 wyvern zombies
  A hell hound zombie (Volcano)
  2 water moccasin zombies (Lair:5)
  2 troll zombies
  A polar bear zombie (Lair:1)
  11 yak zombies
  7 wolf zombies
  7 centaur zombies
  4 basilisk zombies
  A black bear zombie (D:3)
  3 bullfrog zombies
  A scorpion zombie (D:4)
  4 boggart zombies (Vaults:2)
  14 naga zombies
  3 ogre zombies
  A sky beast zombie (D:6)
  A hound zombie (D:6)
  An elf zombie (D:4)
  2 steam dragon zombies
  25 human zombies
  2 adder zombies
  4 iguana zombies
  3 jelly zombies
  8 lava snake zombies (Volcano)
  4 spectral white imps
  An orc (D:5)
  A bat zombie (D:2)
  3 ball python zombies
  5 endoplasm zombies
  3 frilled lizard zombies
  2 giant cockroach zombies
  16 gnoll zombies
  A goblin zombie (D:4)
  A hobgoblin zombie (D:3)
  3 jackal zombies
  13 kobold zombies
  82 orc zombies
  2 quokka zombies
  3 rat zombies (D:3)
  2 tentacles (Shoals:4)
397 creatures vanquished.

Grand Total: 1772 creatures vanquished

Notes
Turn   | Place    | Note
-------+----------+-------------------------------------------
     0 | D:1      | smashvw the Minotaur Fighter began the quest for the Orb.
     0 | D:1      | Reached XP level 1. HP: 19/19 MP: 0/0
   225 | D:1      | Reached skill level 4 in Shields
   225 | D:1      | Reached XP level 2. HP: 26/26 MP: 1/1
   230 | D:1      | Found a faded altar of an unknown god.
   249 | D:1      | Prayed at the altar of an unknown god.
   249 | D:1      | Became a worshipper of Yredelemnul the Fallen
   249 | D:1      | Reached * piety under Yredelemnul
   919 | D:1      | Reached XP level 3. HP: 31/31 MP: 2/2
  1081 | D:2      | Reached ** piety under Yredelemnul
  1166 | D:2      | Found a hide-covered altar of Uskayaw.
  1311 | D:2      | Reached XP level 4. HP: 38/39 MP: 3/3
  1550 | D:3      | Found a shadowy altar of Dithmenos.
  1582 | D:3      | Noticed a black bear
  1610 | D:3      | Killed a black bear
  1611 | D:3      | Reached skill level 5 in Polearms
  1611 | D:3      | Reached skill level 5 in Shields
  1611 | D:3      | Reached XP level 5. HP: 34/45 MP: 4/4
  1949 | D:3      | Reached skill level 6 in Shields
  1950 | D:3      | Reached *** piety under Yredelemnul
  2104 | D:3      | Reached XP level 6. HP: 51/51 MP: 5/5
  2115 | D:3      | Found a basalt altar of Yredelemnul.
  2397 | D:3      | Found a burning altar of Makhleb.
  2567 | D:4      | Noticed Duvessa
  2567 | D:4      | Noticed Dowan
  2577 | D:4      | Killed Duvessa
  2578 | D:4      | Reached XP level 7. HP: 42/57 MP: 6/6
  2581 | D:4      | Killed Dowan
  2780 | D:4      | Noticed Ijyb
  2796 | D:4      | Your ally Duvessa died
  2799 | D:4      | Killed Ijyb
  2957 | D:4      | Identified the +3 scale mail of the Special Realms {rElec
                  | Str+2 Int+2 Dex+4}
  3538 | D:4      | Reached skill level 1 in Invocations
  3661 | D:5      | Entered Level 5 of the Dungeon
  3720 | D:5      | Found a glowing drain.
  3735 | Sewer    | Entered a sewer
  3813 | Sewer    | Reached **** piety under Yredelemnul
  3945 | Sewer    | Found a viscous altar of Jiyva.
  4056 | D:5      | Noticed Prince Ribbit
  4068 | D:5      | Killed Prince Ribbit
  4069 | D:5      | Reached skill level 10 in Polearms
  4069 | D:5      | Reached XP level 8. HP: 35/64 MP: 7/9
  4136 | D:5      | Found a sand-covered staircase.
  4146 | Ossuary  | Entered an ossuary
  4459 | D:5      | Found a transporter.
  4463 | D:5      | Found a staircase to the Ecumenical Temple.
  4512 | D:5      | Reached skill level 5 in Invocations
  4944 | D:5      | Noticed Edmund
  4968 | D:5      | Killed Edmund
  4969 | D:5      | Reached XP level 9. HP: 56/70 MP: 12/12
  5045 | D:5      | Your ally Edmund died
  5242 | D:5      | Found a white marble altar of Elyvilon.
  5253 | D:5      | Found a transporter.
  5757 | D:6      | HP: 3/70 [something (10)]
  6113 | D:6      | Identified the +6 plate armour of the Untouchables {Harm
                  | Str+6}
  6945 | D:7      | Reached ***** piety under Yredelemnul
  7525 | D:8      | Found Morphitsu's Distillery.
  7539 | D:8      | Bought a potion of heal wounds for 80 gold pieces
  7539 | D:8      | Bought a potion of haste for 160 gold pieces
  7539 | D:8      | Bought a potion of lignification for 48 gold pieces
  7605 | D:8      | Reached XP level 10. HP: 80/80 MP: 13/13
  7610 | D:8      | Reached skill level 5 in Fighting
  7610 | D:8      | Reached skill level 5 in Armour
  7611 | D:8      | Reached skill level 7 in Shields
  7894 | D:8      | Paralysed by a hornet for 3 turns
  7986 | D:8      | Found a staircase to the Lair.
  8010 | D:8      | Noticed a death yak
  8032 | D:8      | Killed a death yak
  8033 | D:8      | Reached skill level 8 in Shields
  8778 | D:9      | Noticed Erica
  8782 | D:9      | Reached skill level 9 in Shields
  8787 | D:9      | Killed Erica
  8788 | D:9      | Reached XP level 11. HP: 57/94 MP: 6/14
  9070 | D:9      | Noticed an eight-headed hydra
  9081 | D:9      | Killed an eight-headed hydra
  9081 | D:9      | Bound an eight-headed hydra
  9271 | D:9      | Found a staircase to the Orcish Mines.
  9479 | D:9      | Your ally Erica died
  9809 | D:9      | Found a blossoming altar of Fedhas.
  9864 | D:9      | Found a broken altar of Ashenzari.
  9940 | D:10     | Entered Level 10 of the Dungeon
 10025 | D:10     | Found an opulent altar of Gozag.
 10036 | D:10     | Noticed Erolcha
 10048 | D:10     | Killed Erolcha
 10049 | D:10     | Noticed a two-headed ogre
 10056 | D:10     | Killed a two-headed ogre
 10057 | D:10     | Reached skill level 10 in Shields
 10433 | D:10     | Found a shimmering blue altar of Sif Muna.
 11483 | D:11     | Noticed a two-headed ogre
 11486 | D:11     | Killed a two-headed ogre
 11487 | D:11     | Reached skill level 10 in Fighting
 11487 | D:11     | Reached skill level 10 in Armour
 11487 | D:11     | Reached skill level 11 in Shields
 11709 | Lair:1   | Entered Level 1 of the Lair of Beasts
 11827 | Lair:1   | Reached XP level 12. HP: 106/106 MP: 15/15
 11846 | Lair:1   | Reached ****** piety under Yredelemnul
 11961 | Lair:1   | Reached skill level 12 in Shields
 12787 | Lair:2   | Reached skill level 13 in Shields
 13007 | Lair:2   | Identified the +3 scale mail of Uvuqa {Will+ Int+3 SInv}
 13106 | Lair:2   | Noticed a four-headed hydra
 13114 | Lair:2   | Killed a four-headed hydra
 13341 | Lair:2   | Noticed a seven-headed hydra
 13349 | Lair:2   | Killed a seven-headed hydra
 13349 | Lair:2   | Bound a seven-headed hydra
 13603 | Lair:3   | Reached skill level 14 in Shields
 13721 | Lair:3   | Reached XP level 13. HP: 113/113 MP: 16/16
 13759 | Lair:3   | Found a staircase to the Snake Pit.
 13939 | Lair:3   | Reached skill level 15 in Shields
 14165 | Lair:3   | Found a staircase to the Shoals.
 14444 | Lair:3   | Reached skill level 15 in Armour
 15311 | Lair:5   | Entered Level 5 of the Lair of Beasts
 15343 | Lair:5   | Reached skill level 16 in Shields
 15393 | Lair:5   | Found a staircase to the Slime Pits.
 15592 | Lair:5   | Identified the +3 ring mail of Filth {Str+3}
 15818 | Lair:5   | Reached XP level 14. HP: 113/124 MP: 18/18
 16849 | Lair:5   | Found a corrupted altar of Lugonu.
 16849 | Lair:5   | Found a one-way gate to the infinite horrors of the Abyss.
 17116 | Orc:1    | Entered Level 1 of the Orcish Mines
 17327 | Orc:1    | Found a dark tunnel.
 17412 | Volcano  | Entered a volcano
 17938 | Volcano  | Found a burning altar of Makhleb.
 18321 | Orc:1    | Found Fotaidoy's Self-Improvement Boutique.
 18546 | Orc:2    | Entered Level 2 of the Orcish Mines
 18743 | Orc:2    | Found a roughly hewn altar of Beogh.
 18793 | Orc:2    | Found a staircase to the Elven Halls.
 18814 | Orc:2    | Reached skill level 10 in Invocations
 18980 | Orc:2    | Found Unuyrphoa's Distillery.
 18983 | Orc:2    | Found Soohae's Distillery.
 18987 | Orc:2    | Gained mutation: Your muscles are strong. (Str +4, Int/Dex
                  | -1) [a neqoxec]
 18999 | Orc:2    | Reached skill level 1 in Evocations
 19187 | Orc:2    | Bought a potion of invisibility for 128 gold pieces
 19259 | Orc:2    | Found Imienoc's Antique Armour Shoppe.
 19268 | Orc:2    | Bought a runed tower shield for 180 gold pieces
 19459 | Orc:2    | Paralysed by an orc sorcerer for 2 turns
 19515 | Orc:2    | Reached XP level 15. HP: 91/139 MP: 21/21
 19559 | Orc:2    | Paralysed by an orc sorcerer for 2 turns
 19650 | Orc:2    | Found Ynnump's Antique Weapon Shop.
 19650 | Orc:2    | Found Pilas's Jewellery Boutique.
 19651 | Orc:2    | Found a one-way gate leading to the halls of Pandemonium.
 20029 | Shoals:1 | Entered Level 1 of the Shoals
 20331 | Shoals:1 | Found a runed translucent door.
 20372 | Shoals:1 | Reached skill level 15 in Fighting
 20431 | Shoals:1 | Reached skill level 17 in Shields
 20831 | Shoals:1 | Found a corrupted altar of Lugonu.
 20916 | Snake:1  | Entered Level 1 of the Snake Pit
 20943 | Snake:1  | Identified the serpent talisman of Xoc Zyjyfiu {MP-9 Str+4
                  | Dex+2}
 20943 | Snake:1  | Noticed Aizul
 20966 | Snake:1  | Reached skill level 18 in Shields
 20974 | Snake:1  | Killed Aizul
 20974 | Snake:1  | Bound Aizul
 21435 | Snake:1  | Found Vefoupei's Distillery.
 21490 | Snake:1  | Identified the +1 war axe "Urozoygh" {freeze, Dex+3 SInv}
 21523 | Snake:1  | Found Pirphain's Book Boutique.
 21523 | Snake:1  | Found Acimuimp's Jewellery Emporium.
 21524 | Snake:1  | Found Uklamu's Book Boutique.
 21532 | Snake:1  | Bought the ring of Cuewk {rPois rC+ Str+6 Int+3} for 1028
                  | gold pieces
 21746 | Snake:2  | Reached skill level 5 in Evocations
 22257 | Snake:2  | Reached XP level 16. HP: 150/150 MP: 23/23
 22352 | Snake:2  | Found a flickering gateway to a bazaar.
 22368 | Bazaar   | Entered a bazaar
 22368 | Bazaar   | Found Kajei's Magic Scroll Boutique.
 22368 | Bazaar   | Found Gauraall's Antique Weapon Boutique.
 22447 | Bazaar   | Found Jigg's Antique Armour Emporium.
 22458 | Bazaar   | Found Hyts's Jewellery Shop.
 22478 | Bazaar   | Found Waabes's General Store.
 22497 | Bazaar   | Bought a scroll of blinking for 105 gold pieces
 23005 | Shoals:2 | Found a runed translucent gate.
 23005 | Shoals:2 | Found a runed translucent gate.
 23005 | Shoals:2 | Found a runed translucent gate.
 23008 | Shoals:2 | Noticed Ziod Jao's ghost (journeyman MeWn)
 23270 | Shoals:2 | Reached skill level 19 in Shields
 24123 | Shoals:3 | Found Daof's Jewellery Shoppe.
 24164 | Shoals:3 | Found Tiavuria's Assorted Antiques.
 24173 | Shoals:3 | Bought a steaming sapphire amulet for 185 gold pieces
 24173 | Shoals:3 | Identified the amulet "Roxupoh" {Faith Regen+ Dex+2 Stlth+}
                  | (You bought it in a shop on level 3 of the Shoals)
 24231 | Shoals:3 | Found Jiseamet's Distillery.
 24237 | Shoals:3 | Identified the +3 flail "Qaiddaqokh" {heavy, rC+}
 25331 | Snake:4  | Entered Level 4 of the Snake Pit
 25685 | Snake:4  | Identified the +2 leather armour of Yesterday {*Slow Dex+6}
 25845 | Snake:4  | Identified the +5 orcbow "Killer Bee's Death" {heavy,
                  | ^Drain Dex+3 SInv}
 25992 | Snake:4  | Reached XP level 17. HP: 161/161 MP: 25/25
 26126 | Snake:4  | Reached skill level 20 in Shields
 26194 | Snake:4  | Your ally Aizul died
 26314 | Snake:4  | Got a serpentine rune of Zot
 26865 | Shoals:4 | Entered Level 4 of the Shoals
 26984 | Shoals:4 | Noticed a kraken
 26995 | Shoals:4 | Killed a kraken
 27130 | Shoals:4 | Reached skill level 10 in Evocations
 27534 | Shoals:4 | Reached XP level 18. HP: 178/178 MP: 26/26
 27566 | Shoals:4 | Got a barnacled rune of Zot
 28106 | Shoals:4 | Found a flickering gateway to a bazaar.
 28120 | Bazaar   | Entered a bazaar
 28147 | Bazaar   | Found Nijo's Armour Shoppe.
 28147 | Bazaar   | Found Heiduw's Book Emporium.
 28169 | Bazaar   | Found Nemnik's Antique Armour Emporium.
 28184 | Bazaar   | Found Kitrilau's Jewellery Shoppe.
 28655 | D:12     | Identified the +1 scale mail of the Beginning {rN+ rCorr
                  | Str+3}
 28701 | D:12     | Found a frozen archway.
 28711 | IceCv    | Entered an ice cave
 29559 | D:12     | Found Dudaoghuvoa's Antique Weapon Boutique.
 30044 | D:13     | Noticed Urug
 30046 | D:13     | Noticed Rupert
 30047 | D:13     | Found a gate to the Vaults.
 30049 | D:13     | Paralysed by Rupert for 3 turns
 30059 | D:13     | Killed Urug
 30059 | D:13     | Bound Urug
 30071 | D:13     | Your ally Urug died
 30077 | D:13     | Killed Rupert
 30077 | D:13     | Bound Rupert
 30372 | D:13     | Your ally Rupert died
 30440 | D:13     | Identified a scroll of acquirement
 30444 | D:13     | Acquired 739 gold pieces
 30491 | D:13     | Got the Essays on the Twisted Door
 30849 | D:13     | Found a glowing silver altar of Zin.
 31147 | D:14     | Found a sacrificial altar of Ru.
 31886 | D:15     | Entered Level 15 of the Dungeon
 31927 | D:15     | Reached skill level 21 in Shields
 31935 | D:15     | Paralysed by an ogre mage for 3 turns
 32101 | D:15     | Identified the +6 flail "Rusomp" {freeze, MP-9 Str+4 Dex+4}
 32182 | D:15     | Noticed Agnes
 32188 | D:15     | Killed Agnes
 32203 | D:15     | Found a staircase to the Depths.
 32234 | D:15     | Found a transporter.
 32264 | D:15     | Noticed Peirosha's ghost (journeyman DsMo)
 32277 | D:15     | Found a transporter.
 32383 | D:15     | Found the +8 arc blade {discharge, rElec}
 32583 | D:15     | Noticed Azrael
 32594 | D:15     | Killed Azrael
 32814 | Vaults:1 | Entered Level 1 of the Vaults
 32879 | Vaults:1 | Reached XP level 19. HP: 145/187 MP: 18/27
 34918 | Shoals:3 | Bought a scroll of enchant weapon for 277 gold pieces
 35196 | Vaults:2 | Reached skill level 22 in Shields
 35678 | Vaults:2 | Found a magical portal.
 35683 | WizLab   | Entered Eringya's Formal Garden
 35718 | WizLab   | Paralysed by a fenstrider witch for 2 turns
 35724 | WizLab   | Paralysed by a fenstrider witch for 5 turns
 35727 | WizLab   | HP: 9/187 [??? (9)]
 35728 | WizLab   | HP: 1/187 [constriction (7)]
 35728 | WizLab   | Slain by a yaktaur

Illustrated notes

Levels and vault maps discovered:
D:1:      mrwooster_arrival_statue_2, layout_basic,
          dreamdust_ecumenical_altar_grove, minmay_tiny_reverse_x
D:2:      layout_basic, basic_altar
D:3:      layout_loops_ring, nicolae_yredelemnul_corpse_copse,
          lemuel_doored_altar, lightli_temple_of_fire, st_stairs_6
D:4:      layout_loops_corners, uniq_ijyb, uniq_duvessa
D:5:      layout_gridville, elyvilon_altar_4, minmay_temple_entry_purple_smoke,
          mainiacjoe_ossuary_entry_find_the_door, gup_sewer_entry_pipe,
          chequers_serial_rivers_room_b, uniq_edmund, uniq_prince_ribbit1
D:6:      layout_basic
D:7:      layout_layer_cave
D:8:      layout_basic, dpeg_lair_monsters, serial_shops, shop
D:9:      layout_roguey, kennysheep_little_box, fedhas_altar_fruit_tree,
          hiddenorc2_lemuel, nicolae_the_louvre, uniq_erica
D:10:     layout_cross, nicolae_gozag_cash_rules_everything_around_me,
          nicolae_sif_muna_condensation, uniq_erolcha
D:11:     layout_stronghold
D:12:     layout_layer_cave, serial_ice, serial_ice_k, serial_ice_o,
          serial_ice_m, serial_ice_c, serial_ice_a, serial_ice_d, serial_ice_e,
          portal_ice_cave_entry_ice_simulacra, serial_shops,
          nicolae_shop_just_a_little_nook
D:13:     minmay_the_grid_square_5x5_4x4_mashed
          [minmay_the_grid_square_5x5_lines, minmay_the_grid_square_5x5_plus,
          minmay_the_grid_square_5x5_mess, minmay_the_grid_square_5x5_one_wall,
          minmay_the_grid_square_5x5_three_walls,
          minmay_the_grid_square_5x5_prize_deathbox,
          minmay_the_grid_square_5x5_prize_open,
          minmay_the_grid_square_5x5_shrine1, minmay_the_grid_square_5x5_meh,
          minmay_the_grid_square_5x5_prize_open,
          minmay_the_grid_square_5x5_prize_snowflake,
          minmay_the_grid_square_5x5_forky,
          minmay_the_grid_square_5x5_two_small,
          minmay_the_grid_square_5x5_inverted_slash,
          minmay_the_grid_square_5x5_minibox,
          minmay_the_grid_square_5x5_three_small], layout_basic, david_vaults_3,
          zin_scriptorium
D:14:     layout_grid_maze, nicolae_ru_path_of_blood, minmay_misc_feat_ornament
D:15:     hangedman_depths_entry_civil_slaughter, layout_loops_ring,
          roderic_roman_lattice, gammafunk_ghost_stat_death, dk_noncrumbling_4,
          st_stairs_1, grunt_decor_cap, minivault_25_ag, uniq_agnes, uniq_azrael
Lair:1:   layout_gridlike, cheibrodos_lair_lostbears, infiniplex_staircase_pool
Lair:2:   layout_regular_city
Lair:3:   nzn_winding_woodlands_small [nzn_winding_woodlands_5x15_eye,
          nzn_winding_woodlands_center_garden,
          nzn_winding_woodlands_5x15_river_crossing], layout_loops_ring,
          elwin_shoals_entry_stream, guppyfry_snake_entry_garden,
          serial_bayou_shore_b
Lair:4:   layout_loops_ring
Lair:5:   hellmonk_lair_end_abyssal_woods, layout_gridlike,
          minmay_slime_entry_pillars, minmay_stone_trees_medium
Shoals:1: layout_shoals, nicolae_shoals_abyss_on_the_beach
Shoals:2: layout_shoals, gammafunk_ghost_split
Shoals:3: layout_shoals, serial_shops, nicolae_shop_window_shopping, shop,
          nicolae_shoals_square_sea_wall, nicolae_stop_n_shop_1,
          nicolae_splish_splash
Shoals:4: shoals_end_grunt_ice, layout_shoals, serial_shops, statue_bzr
Snake:1:  layout_rooms, serial_shops, shop, nicolae_snake_springs,
          minmay_shop_grove, uniq_aizul
Snake:2:  layout_basic, serial_shops, bzr_entry_lakeside
Snake:3:  layout_onion
Snake:4:  snake_pit, layout_onion
Orc:1:    layout_caves, nicolae_volcano_entry_two_sided, nicolae_shop_self_help
Orc:2:    pf_orc_diabolical, layout_caves, basic_altar, serial_shops,
          nicolae_shop_crystal
Vaults:1: vaults_room_grid, hangedman_vaults_nodes,
          nicolae_vaults_storage_closets_1, ontoclasm_vaults_hangar,
          nicolae_vaults_house_3, v_misc_26,
          nicolae_vaults_trapezoid_lopsided_3, nicolae_vaults_little_squares_6,
          nicolae_vaults_little_squares_4, hangedman_vaults_capsules,
          nicolae_vaults_heart-shaped_vault, ontoclasm_vaults_fault,
          nicolae_vaults_heart-shaped_vault, nicolae_vaults_specimen_jars,
          layout_vaults_omnicross
Vaults:2: mu_enter_wizlab_2, nicolae_vaults_network_star,
          nicolae_vaults_trapezoid_1, nicolae_vaults_taking_the_gang_shopping,
          nicolae_vaults_diamond_1, st_star, dpeg_vaults_monster_box,
          nicolae_vaults_closet_pinwheel_5, v_misc_26, layout_vaults_big_room
WizLab:   wizlab_eringya

Skill      XL: |  1  2  3  4  5  6  7  8  9 10 11 12 13 14 15 16 17 18 19 |
---------------+----------------------------------------------------------+-----
Shields        | 4 5 6 9 11 14 16 18 19 20 21 22 | 22.4
Polearms       | 3 4 5 6 8 10 11 14 | 14.0
Invocations    | 3 5 6 7 10 12 13 | 13.0
Fighting       | 4 7 10 11 14 15 17 19 20 | 20.7
Armour         | 4 7 10 13 15 16 17 19 | 19.3
Evocations     | 3 5 7 10 12 | 12.4

Action                     |  1- 3 |  4- 6 |  7- 9 | 10-12 | 13-15 | 16-18 | 19-21 || total
---------------------------+-------+-------+-------+-------+-------+-------+-------++-------
  Melee: Trident           |    97 |   121 |   376 |   399 |   903 |  1104 |   164 ||  3164
         Headbutt          |    10 |    11 |    46 |    27 |   119 |   134 |    69 ||   416
         Demon trident     |       |       |       |       |       |       |   174 ||   174
  Throw: Throwing net      |       |       |       |       |     1 |       |       ||     1
 Invoke: Light the Black T |     2 |     2 |     6 |     6 |     8 |    11 |     2 ||    37
         Hurl Torchlight   |       |       |     2 |     2 |     2 |     5 |     5 ||    16
         Bind Soul         |       |       |       |     3 |     3 |     2 |       ||     8
         Recall Undead Har |       |       |       |     2 |       |     2 |       ||     4
         Fathomless Shackl |       |       |       |       |       |     1 |       ||     1
  Evoke: Wand              |       |       |       |       |     3 |     5 |       ||     8
    Use: Potion            |       |       |     2 |       |     2 |     4 |       ||     8
         Scroll            |       |       |     7 |     6 |     7 |    17 |     8 ||    45
   Stab: Distracted        |       |       |     4 |     9 |    16 |    19 |     7 ||    55
         Confused          |       |       |       |     2 |       |     1 |       ||     3
         Sleeping          |       |       |       |       |     3 |     2 |       ||     5
         Invisible         |       |       |       |       |       |     1 |       ||     1
         Paralysed         |       |       |       |       |       |     1 |     1 ||     2
 Armour: Scale mail        |     5 |       |   129 |       |       |       |       ||   134
         Chain mail        |    26 |       |       |       |       |       |       ||    26
         Plate armour      |    21 |    58 |    26 |   133 |   230 |   356 |   135 ||   959
  Dodge: Dodged            |    12 |     7 |    75 |    43 |   161 |   158 |    61 ||   517
  Block: Buckler           |     6 |    18 |    47 |    46 |    15 |       |       ||   132
         Kite shield       |       |       |       |       |   143 |       |       ||   143
         Tower shield      |       |       |       |       |   139 |   746 |   283 ||  1168

Table legend: (Time is in decaauts)
 A = Elapsed time spent in this place.
 B = Non-inter-level travel time spent in this place.
 C = Inter-level travel time spent in this place.
 D = Time resting spent in this place.
 E = Time spent auto-exploring this place.
 F = Levels seen in this place.
 G = Mean time per level.
                   A        B        C        D        E       F      G
               +--------+--------+--------+--------+--------+-----+--------+
         Total |  34937 |  32100 |   2837 |   1101 |  24617 |  39 |  895.8 |
       Dungeon |  15161 |  14184 |    977 |    337 |  11583 |  15 | 1010.7 |
          Lair |   5475 |   4886 |    589 |     79 |   3834 |   5 | 1095.0 |
        Shoals |   4706 |   4058 |    648 |    329 |   2702 |   4 | 1176.5 |
     Snake Pit |   3680 |   3413 |    267 |     47 |   2679 |   4 |  920.0 |
  Orcish Mines |   1779 |   1667 |    112 |     11 |   1273 |   2 |  889.5 |
        Vaults |   2199 |   1957 |    242 |    237 |   1185 |   2 | 1099.5 |
        Bazaar |    233 |    233 |      0 |      0 |    195 |   2 |  116.5 |
         Sewer |    325 |    325 |      0 |      0 |    223 |   1 |  325.0 |
       Ossuary |    258 |    258 |      0 |      0 |    155 |   1 |  258.0 |
      Ice Cave |    235 |    235 |      0 |     61 |     78 |   1 |  235.0 |
       Volcano |    844 |    844 |      0 |      0 |    703 |   1 |  844.0 |
        Wizlab |     36 |     36 |      0 |      0 |      5 |   1 |   36.0 |
               +--------+--------+--------+--------+--------+-----+--------+

Top non-repeatable levels by time:
Vaults:1: 1754 daAuts
  Lair:5: 1558 daAuts
Shoals:4: 1554 daAuts
     D:8: 1358 daAuts
     D:5: 1313 daAuts
     D:9: 1271 daAuts
 Snake:4: 1270 daAuts
  Lair:3: 1239 daAuts
   Orc:2: 1211 daAuts
    D:12: 1176 daAuts
Shoals:1: 1165 daAuts
     D:4: 1159 daAuts
    D:11: 1069 daAuts
     D:6: 1058 daAuts
Shoals:2: 1026 daAuts
